 Dungeon Crawl Stone Soup version 0.18.1-50-g88ac8fd (webtiles) character file.

42 raph the Charmwright (level 3, 0/25 HPs)
             Began as a High Elf Skald on Oct 24, 2016.
             Succumbed to an adder's poison
             ... on level 1 of the Dungeon.
             The game lasted 00:03:18 (1652 turns).

raph the Charmwright (High Elf Skald)               Turns: 1652, Time: 00:03:19

Health: 0/25       AC:  3    Str: 12    XL:     3   Next: 35%
Magic:  6/8        EV: 11    Int: 15    God:
Gold:   47         SH:  0    Dex: 15    Spells: 3 memorised, 2 levels left

rFire  . . .     SeeInvis .     a - +0 falchion
rCold  . . .     Gourm    .     b - +0 leather armour
rNeg   . . .     Faith    .     (no shield)
rPois  .         Spirit   .     (no helmet)
rElec  .         Dismiss  .     (no cloak)
rCorr  .         Reflect  .     (no gloves)
SustAt .         Harm     .     (no boots)
MR     .....                    (no amulet)
Stlth  +.........               (no ring)
                                (no ring)

@: lethally poisoned (0 -> -7), singing (expiring), not resistant to hostile
enchantments, very unstealthy
A: no striking features
a: Stop Singing


You were on level 1 of the Dungeon.
You were hungry.

You visited 1 branch of the dungeon, and saw 2 of its levels.

You collected 47 gold pieces.

Inventory:

Hand Weapons
 a - a +0 falchion (weapon)
Armour
 b - a +0 leather armour (worn)
Scrolls
 h - a scroll of remove curse {unknown}
 i - a scroll of enchant armour {unknown}
 j - a scroll of magic mapping {unknown}
Potions
 g - a potion of brilliance {unknown}
Books
 c - a book of Battle

   Spells                             Type                      Level
   a - Infusion                       Charms                       1
   b - Shroud of Golubria             Charms/Translocation         2
   c - Song of Slaying                Charms                       2
   d - Spectral Weapon                Hexes/Charms                 3
   e - Regeneration                   Charms/Necromancy            3
Comestibles
 d - 4 bread rations
 f - a slice of pizza


   Skills:
 + Level 2.3 Fighting
 * Level 2.8 Long Blades
 + Level 1.2 Armour
 + Level 1.4 Dodging
 + Level 2.8 Spellcasting
 * Level 4.3 Charms


You had 2 spell levels left.
You knew the following spells:

 Your Spells              Type           Power        Failure   Level  Hunger
a - Infusion              Chrm           ###.         4%          1    #......
b - Shroud of Golubria    Chrm/Tloc      #.........   21%         2    ##.....
c - Song of Slaying       Chrm           ###.....     8%          2    ##.....


Dungeon Overview and Level Annotations

Branches:
Dungeon (2/15)

Altars:

Annotations:
D:2 Robin


Message History

You miss the adder.
The adder is almost dead.
The adder bites you.
* * * LOW HITPOINT WARNING * * *
You are more poisoned.
The adder poisons you! The rat bites you.
* * * LOW HITPOINT WARNING * * *
The goblin moves out of view.
The adder misses you. The rat bites you but does no damage.
Robin roars a battlecry!
The goblins go into a battle-frenzy!
The adder bites you.
* * * LOW HITPOINT WARNING * * *
You climb upwards.
* * * LOW HITPOINT WARNING * * *
You feel sick.
There is a stone staircase leading down here.
You barely miss the adder.
The adder is almost dead.
You die...

#########
##.#.#.#.########
#...............#
##.#.#.#.######.#
#.........# ##.##
###.#.#.#.## #...# ###
#.......S..####...####..
###.#.#.#@#.###....(......
#........r...##.....(.....
#.###.#.#.#.###.......###.
#.# #.###...........### #.
#.# ##.#......###...# #.
#.# ##........###### #.
#.# #.........# #) #.#
##......).##########. #.#
#.........)..÷....)÷.


You could see an adder and a rat.

Vanquished Creatures
  An ooze (D:1)
  A dart slug (D:1)
  A giant gecko (D:2)
  A giant cockroach (D:1)
  8 goblins (D:1)
  2 hobgoblins (D:1)
  3 jackals (D:1)
  7 bats (D:1)
  5 kobolds (D:1)
  4 rats (D:1)
33 creatures vanquished.

Notes
Turn   | Place    | Note
--------------------------------------------------------------
     0 | D:1      | raph the High Elf Skald began the quest for the Orb.
     0 | D:1      | Reached XP level 1. HP: 14/14 MP: 4/4
   286 | D:1      | Reached skill level 4 in Charms
   353 | D:1      | Reached skill level 1 in Armour
   546 | D:1      | Reached XP level 2. HP: 19/19 MP: 3/6
   815 | D:1      | Learned a level 2 spell: Shroud of Golubria
   818 | D:1      | Learned a level 2 spell: Song of Slaying
  1007 | D:1      | Reached XP level 3. HP: 9/24 MP: 2/8
  1648 | D:2      | Noticed Robin
  1651 | D:1      | HP: 1/25 [poisoned by an adder]
  1652 | D:1      | Succumbed to an adder's poison

Skill      XL: |  1 |
---------------+----+-----
Charms         | 4 |  4.3
Armour         | 1 |  1.2
Fighting       | |  2.3
Long Blades    | |  2.8
Dodging        | |  1.4
Spellcasting   | |  2.8

Action                   || total
-------------------------++-------
Melee: Falchion          ||   105
 Cast: Infusion          ||    14
       Shroud of Golubri ||     1
       Song of Slaying   ||     3
  Use: Potion            ||     1
  Eat: Chunk             ||     2
Armor: Leather armour    ||    54
Dodge: Dodged            ||   103
